 Dungeon Crawl Stone Soup version 0.23.2-33-g5129a83184 (webtiles) character file.

Game seed: 17968932176602550526

44 t4s4d4r the Ogre Mage (level 3, -2/31 HPs)
             Began as an Ogre Necromancer on July 24, 2019.
             Slain by a goblin
             ... wielding a +0 club
             ... led by Robin
              (7 damage)
             ... on level 1 of the Dungeon.
             The game lasted 00:01:30 (1606 turns).

t4s4d4r the Ogre Mage (Ogre Necromancer)            Turns: 1606, Time: 00:01:30

Health: -2/31      AC:  3    Str: 12    XL:     3   Next: 62%
Magic:  5/8        EV: 10    Int: 17    God:
Gold:   64         SH:  0    Dex:  9    Spells: 2/10 levels left

rFire    . . .     SeeInvis .   e - +1 short sword (drain)
rCold    . . .     Gourm    .   (no shield)
rNeg     . . .     Faith    .   a - +0 robe
rPois    .         Spirit   .   (helmet restricted)
rElec    .         Reflect  .   (no cloak)
rCorr    .         Harm     .   (gloves unavailable)
MR       .....                  (boots unavailable)
Stlth    +.........             (no amulet)
HPRegen  0.10/turn              (no ring)
MPRegen  0.11/turn              (no ring)

@: no status effects
A: large, unfitting armour, tough skin 1
a: no special abilities


You were on level 1 of the Dungeon.
You were not hungry.

You visited 1 branch of the dungeon, and saw 2 of its levels.

You collected 64 gold pieces.

Inventory:

Hand Weapons
 e - a +1 short sword of draining (weapon)
Missiles
 b - 31 stones (quivered)
Armour
 a - a +0 robe (worn)
Scrolls
 d - 2 scrolls of remove curse {unknown}
 h - 3 scrolls of identify {unknown}
 i - a scroll of enchant armour {unknown}
Potions
 f - a potion of degeneration {unknown}
 g - a potion of agility {unknown}
Comestibles
 c - 2 rations


   Skills:
 - Level 1.7 Dodging
 - Level 1.4 Stealth
 + Level 4.4 Spellcasting
 - Level 3.6 Necromancy


You had 2 spell levels left.
You knew the following spells:

 Your Spells              Type           Power        Failure   Level  Hunger
a - Pain                  Necr           ###.         3%          1    None
b - Animate Skeleton      Necr           N/A          3%          1    None
c - Vampiric Draining     Necr           ###.......   11%         3    ###....
d - Regeneration          Chrm/Necr      #.........   22%         3    ###....

Your spell library contained the following spells:

 Spells                   Type           Power        Failure   Level  Hunger
 Animate Dead             Necr           N/A          34%         4    ####...


Dungeon Overview and Level Annotations

Branches:
Dungeon (2/15)

Altars:

Annotations:
D:2 Robin


Innate Abilities, Weirdness & Mutations

You are too large for most types of armour.
You have tough skin. (AC +1)


Message History

The goblin writhes in agony!
You kill the goblin!
The hobgoblin hits you. The goblin closely misses you.
Unknown command.
You hit the goblin.
The goblin is moderately wounded.
The hobgoblin closely misses you. The goblin hits you with a +0 dagger.
You hit the goblin.
You kill the goblin!
Unknown command.
You hit the hobgoblin but do no damage.
Your skin stops crawling.
The hobgoblin hits you. The goblin hits you with a +0 club.
The hobgoblin hits you.
You barely miss the hobgoblin. The goblin hits you with a +0 club.
* * * LOW HITPOINT WARNING * * *
The hobgoblin misses you.
Unknown command.
You closely miss the hobgoblin. The goblin hits you with a +0 club!
You die...

#############
#...........#
##.########.# ##.#
#.# ...# #.# ####
#)#
###########.######
..............gg@#
###########.####g#
# #.# #.# # #.#
#.# # #.####.# #
#......# #
########
##########
.........#


You could see 2 hobgoblins and a goblin.

Vanquished Creatures
  3 dart slugs (D:1)
  2 bats (D:1)
  A giant cockroach (D:1)
  13 goblins (D:1)
  5 hobgoblins (D:1)
  4 frilled lizards (D:1)
  5 kobolds (D:1)
  2 rats (D:1)
35 creatures vanquished.

Notes
Turn   | Place    | Note
-------+----------+-------------------------------------------
     0 | D:1      | t4s4d4r the Ogre Necromancer began the quest for the Orb.
     0 | D:1      | Reached XP level 1. HP: 16/16 MP: 3/3
    40 | D:1      | Reached skill level 3 in Spellcasting
    40 | D:1      | Reached XP level 2. HP: 20/24 MP: 0/6
   704 | D:1      | Reached XP level 3. HP: 14/31 MP: 5/8
   706 | D:1      | Reached skill level 4 in Spellcasting
  1305 | D:2      | Noticed Robin
  1587 | D:1      | Learned a level 1 spell: Animate Skeleton
  1591 | D:1      | Learned a level 3 spell: Vampiric Draining
  1595 | D:1      | Learned a level 3 spell: Regeneration
  1606 | D:1      | Slain by a goblin

Skill      XL: |  1  2  3 |
---------------+----------+-----
Spellcasting   | 3 4 |  4.4
Dodging        | |  1.7
Stealth        | |  1.4
Necromancy     | |  3.6

Action                   || total
-------------------------++-------
Melee: Short sword       ||    62
       Dagger            ||     2
 Cast: Pain              ||    22
       Regeneration      ||     1
  Eat: Chunk             ||     2
Armor: Robe              ||    24
Dodge: Dodged            ||    44
